Map: Hardwire LE

Players

Pumba - Winner!

  • Race: Protoss Protoss
  • League: Master
  • Spawn Location: 1:00

Bulya

  • Race: Zerg Zerg
  • League: Diamond
  • Spawn Location: 7:00

VOD

Have the link to the VOD?

Description

Time

  • Played on: March 22, 2022, 7:18 p.m.
  • Length: 10:46
Show
View Real Time Build Order
Export as new Build Order

Pumba Protoss - Winner!

Build Orders: 1 Gate Expand, Oracle Opening 

Get SALT Encoding   

  12  0:00  Probe  
  13  0:12  Probe  
  14  0:20  Pylon  
  14  0:25  Probe  
  15  0:38  Probe (Chrono Boost)  
  15  0:40  Gateway  
  16  0:45  Assimilator  
  16  0:49  Probe (Chrono Boost)  
  17  0:54  Probe (Chrono Boost)  
  18  1:05  Probe  
  19  1:24  Nexus  
  19  1:32  Cybernetics Core  
  19  1:34  Probe  
  20  1:40  Assimilator  
  20  1:48  Probe  
  20  1:50  Pylon  
  21  2:00  Probe  
  22  2:06  Adept (Chrono Boost)  
  22  2:12  Probe  
  25  2:19  Stargate  
  25  2:24  Probe  
  25  2:26  Adept (Chrono Boost)  
  28  2:37  Warp Gate  
  28  2:38  Probe (Chrono Boost)  
  28  2:41  Probe (Chrono Boost)  
  29  2:49  Probe (Chrono Boost)  
  29  2:50  Probe (Chrono Boost)  
  31  2:51  Adept  
  31  2:57  Probe  
  34  3:00  Probe  
  35  3:06  Oracle (Chrono Boost)  
  35  3:08  Gateway  
  35  3:09  Probe  
  39  3:16  Probe  
  40  3:21  Shield Battery, Probe  
  41  3:29  Probe  
  42  3:37  Cybernetics Core  
  46  3:48  Void Ray (Chrono Boost)  
  46  4:06  Probe  
  45  4:10  Probe  
  38  4:21  Probe  
  38  4:26  Adept x2  
  40  4:39  Probe (Chrono Boost)  
  40  4:42  Probe (Chrono Boost)  
  44  4:52  Probe (Chrono Boost)  
  44  4:54  Probe (Chrono Boost)  
  44  4:58  Probe  
  45  5:03  Probe  
  46  5:10  Probe (Chrono Boost)  
  44  5:15  Probe (Chrono Boost)  
  45  5:28  Probe (Chrono Boost)  
  46  5:31  Assimilator, Pylon  
  46  5:33  Assimilator  
  46  5:35  Nexus  
  46  5:36  Pylon  
  46  5:49  Robotics Facility, Probe x2  
  48  5:52  Forge  
  48  5:54  Twilight Council  
  48  6:01  Probe x2 (Chrono Boost)  
  50  6:13  Probe x2 (Chrono Boost)  
  52  6:19  Probe x2 (Chrono Boost)  
  52  6:22  Pylon  
  54  6:26  Protoss Ground Weapons Level 1  
  54  6:27  Probe x2 (Chrono Boost)  
  54  6:29  Gateway  
  54  6:30  Gateway  
  52  6:34  Gateway  
  53  6:41  Observer  
  53  6:42  Charge  
  53  6:45  Probe (Chrono Boost)  
  54  6:47  Gateway  
  54  6:52  Gateway  
  54  6:54  Gateway, Probe (Chrono Boost)  
  55  6:57  Probe (Chrono Boost)  
  55  6:59  Probe (Chrono Boost)  
  57  7:06  Immortal (Chrono Boost)  
  62  7:08  Sentry  
  62  7:09  Sentry, Probe (Chrono Boost)  
  62  7:12  Probe (Chrono Boost)  
  62  7:13  Probe (Chrono Boost)  
  68  7:16  Probe  
  68  7:21  Probe  
  70  7:23  Probe  
  70  7:29  Probe  
  72  7:33  Probe  
  72  7:35  Probe  
  74  7:37  Shield Battery  
  74  7:38  Sentry x3  
  74  7:41  Probe  
  74  7:43  Immortal (Chrono Boost)  
  81  7:50  Pylon  
  85  7:53  Pylon  
  85  7:55  Pylon  
  85  8:01  Templar Archives  
  85  8:08  Probe x2  
  91  8:22  Zealot x8  
  107  8:27  Warp Prism (Chrono Boost)  
  105  8:41  Pylon  
  105  8:42  Pylon  
  105  8:45  Pylon  
  105  8:46  Gateway  
  105  8:47  Gateway  
  105  8:50  Pylon  
  105  8:53  Pylon  
  105  8:56  Photon Cannon  
  105  8:58  Pylon  
  105  8:59  Photon Cannon  
  105  9:00  Pylon  
  104  9:04  Stalker x5  
  111  9:15  Stalker x2  
  109  9:21  Probe x2  
  101  9:36  Zealot x2  
  101  9:37  Zealot  
  107  9:44  Probe x2 (Chrono Boost)  
  110  9:49  Photon Cannon  
  110  9:50  Probe (Chrono Boost)  
  110  9:52  Photon Cannon  
  111  9:54  Probe (Chrono Boost)  
  111  10:05  High Templar x5  
  111  10:06  High Templar x2  
  117  10:09  High Templar  
  117  10:10  Archon x3  
  117  10:13  Archon  
  105  10:22  Zealot x2  
Show
View Real Time Build Order
Export as new Build Order

Bulya Zerg 

Build Orders: Pool First 

Get SALT Encoding   

  12  0:00  Drone  
  13  0:13  Overlord  
  13  0:16  Drone  
  14  0:32  Drone  
  14  0:33  Drone  
  16  0:36  Drone  
  17  0:47  Extractor  
  17  0:48  Drone  
  17  0:51  Spawning Pool  
  17  0:57  Drone  
  17  1:18  Hatchery  
  17  1:20  Drone  
  17  1:21  Drone  
  18  1:38  Queen  
  18  1:39  Zergling x2  
  21  1:43  Drone  
  22  1:51  Metabolic Boost  
  22  2:00  Roach Warren  
  22  2:01  Drone  
  22  2:11  Overlord  
  22  2:18  Overlord  
  22  2:41  Roach  
  22  2:42  Roach x3  
  30  2:47  Roach  
  32  2:52  Overlord  
  32  2:54  Zergling x6  
  35  3:05  Zergling x4  
  38  3:12  Ravager  
  38  3:16  Zergling x4  
  40  3:26  Zergling x8  
  42  3:37  Zergling x4  
  42  3:45  Zergling x2  
  43  3:52  Zergling x2  
  39  4:05  Zergling x10  
  34  4:17  Zergling x4  
  30  4:37  Drone  
  30  4:38  Drone x5  
  35  4:42  Queen, Drone  
  38  4:52  Drone x2  
  39  5:04  Drone  
  39  5:05  Drone  
  39  5:10  Queen, Drone  
  39  5:18  Drone  
  38  5:22  Drone  
  38  5:23  Drone  
  40  5:31  Queen  
  40  5:32  Drone, Hatchery  
  42  5:37  Drone  
  43  5:48  Drone  
  43  5:49  Overlord x2  
  44  6:00  Lair  
  44  6:08  Extractor  
  43  6:12  Drone x9  
  52  6:18  Queen  
  54  6:36  Drone x4  
  54  6:38  Extractor  
  57  6:41  Spore Crawler  
  57  6:43  Extractor  
  55  6:53  Spore Crawler  
  54  6:54  Queen  
  54  7:01  Spire  
  55  7:02  Drone x3  
  55  7:05  Hatchery  
  55  7:08  Overseer  
  57  7:10  Overlord x3  
  57  7:24  Drone  
  57  7:25  Drone  
  57  7:27  Evolution Chamber  
  57  7:29  Baneling Nest  
  57  7:53  Zerg Melee Weapons Level 1  
  57  7:54  Overlord x2  
  57  7:56  Zergling x6  
  60  8:12  Mutalisk  
  60  8:13  Mutalisk x8  
  78  8:25  Drone x4  
  82  8:39  Centrifugal Hooks  
  82  8:40  Drone  
  82  8:41  Drone x8  
  91  8:53  Drone x3  
  94  8:58  Roach x5  
  94  9:01  Hatchery  
  103  9:12  Roach  
  103  9:14  Overlord x5  
  103  9:28  Roach x3  
  103  9:29  Roach x2  
  85  9:41  Baneling x3  
  85  9:42  Ravager x2  
  85  9:43  Zergling x2  
  85  9:44  Zergling x8, Roach x5  
  89  9:50  Roach  
  87  9:56  Zergling x2  
  87  10:06  Zergling x16  
  72  10:24  Roach x2  
Tags
 
Add a new tag
Caveats
  • Supply blocks, unpowered buildings, or Contaminate may cause inaccurate times.
  • Supply counts are checked every 10 seconds.